 Dungeon Crawl Stone Soup version 0.28.0-45-g0d030f2227 (webtiles) character file.

Game seed: 17287771303402583968

7 ZappyNine the Charlatan (level 2, 0/16 HPs)
             Began as a Kobold Artificer on Apr 22, 2022.
             Slain by a hobgoblin (4 damage)
             ... on level 1 of the Dungeon.
             The game lasted 00:00:21 (512 turns).

ZappyNine the Charlatan (Kobold Artificer)           Turns: 512, Time: 00:00:22

Health: 0/16       AC:  3    Str:  9    XL:     2   Next: 10%
Magic:  2/2        EV: 14    Int: 12    God:
Gold:   7          SH:  0    Dex: 15    Spells: 1/1 levels left

rFire   . . .      SeeInvis .   a - +0 club
rCold   . . .      Faith    .   (no shield)
rNeg    . . .      Spirit   .   b - +0 leather armour
rPois   .          Reflect  .   (no helmet)
rElec   .          Harm     .   (no cloak)
rCorr   .          Rampage  .   (no gloves)
Will    .....                   (no boots)
Stlth   +++.......              (no amulet)
HPRegen 0.05/turn               (no ring)
MPRegen 0.08/turn               (no ring)

@: no status effects
A: small, no large weapons, nightstalker 3
a: no special abilities


You were on level 1 of the Dungeon.
You visited 1 branch of the dungeon, and saw 1 of its levels.

You collected 7 gold pieces.

Inventory:

Hand Weapons
 a - a +0 club (weapon)
Armour
 b - a +0 leather armour (worn)
Jewellery
 h - an amulet of guardian spirit
Wands
 c - a wand of flame (15) (quivered)
 d - a wand of charming (15)
Scrolls
 f - a scroll of identify {unknown}
 g - a scroll of vulnerability {unknown}
 i - a scroll of teleportation {unknown}
Miscellaneous
 e - a piece from Xom's chessboard (15/15)


   Skills:
 + Level 1.3 Fighting
 + Level 1.0 Armour
 + Level 2.6 Dodging
 + Level 1.8 Stealth
 + Level 3.7 Evocations


You had one spell level left.
You didn't know any spells.
Your spell library was empty.

Dungeon Overview and Level Annotations

Branches:
Dungeon (1/15)

Altars:


Innate Abilities, Weirdness & Mutations

You are small and have problems with some larger weapons.
You are completely attuned to the shadows.


Message History

You are too injured to fight recklessly!
You are too injured to fight recklessly!
You hit the hobgoblin but do no damage.
The hobgoblin is severely wounded.
The hobgoblin closely misses you.
You hit the hobgoblin.
The hobgoblin is almost dead.
The hobgoblin barely misses you. The hobgoblin misses you.
You hit the hobgoblin.
You kill the hobgoblin!
Your Armour skill increases to level 1!
You see here a hobgoblin corpse.
A hobgoblin is nearby!
The helpless hobgoblin fails to defend itself.
You hit the hobgoblin.
The hobgoblin is heavily wounded.
The hobgoblin misses you.
You hit the hobgoblin but do no damage.
The hobgoblin is heavily wounded.
The hobgoblin misses you. x2
You hit the hobgoblin.
The hobgoblin is severely wounded.
The hobgoblin hits you but does no damage.
You hit the hobgoblin but do no damage.
The hobgoblin is severely wounded.
The hobgoblin completely misses you.
You closely miss the hobgoblin.
The hobgoblin is severely wounded.
The hobgoblin barely misses you.
You hit the hobgoblin.
The hobgoblin is almost dead.
The hobgoblin barely misses you. x2
You hit the hobgoblin but do no damage.
The hobgoblin is almost dead.
The hobgoblin hits you.
* * * LOW HITPOINT WARNING * * *
You closely miss the hobgoblin.
The hobgoblin is almost dead.
The hobgoblin hits you.
You die...

#. #. #.
#.#######.
#g@...^...
#..8†8....
#.8.8.8.#
#..8_8..#
#.8.8.8.#.
#..8.8....
#.......##
####..#.#
##...#


You could see a hobgoblin.

Vanquished Creatures
  A bat (D:1)
  2 hobgoblins (D:1)
  A quokka (D:1)
  A frilled lizard (D:1)
  2 rats (D:1)
7 creatures vanquished.

Notes
Turn   | Place    | Note
-------+----------+-------------------------------------------
     0 | D:1      | ZappyNine the Kobold Artificer began the quest for the Orb.
     0 | D:1      | Reached XP level 1. HP: 12/12 MP: 1/1
   484 | D:1      | Found a faded altar of an unknown god.
   491 | D:1      | Reached XP level 2. HP: 16/16 MP: 2/2
   502 | D:1      | Reached skill level 1 in Armour
   512 | D:1      | Slain by a hobgoblin

Illustrated notes

Levels and vault maps discovered:
D:1:      shiori_arrival_oz, layout_loops_ring,
          chequers_ecumenical_altar_simple_redux, minmay_misc_feat_enclosed

Skill      XL: |  1  2 |
---------------+-------+-----
Armour         | 1 |  1.0
Fighting       | |  1.3
Dodging        | |  2.6
Stealth        | |  1.8
Evocations     | |  3.7

Action                   || total
-------------------------++-------
Melee: Club              ||    46
 Stab: Sleeping          ||     3
Armor: Leather armour    ||    20
Dodge: Dodged            ||    37
